AoeStats
← Katu

Arabia

510829031Analyzed
1v1 RM · 23h ago on Oct 2, 2026· 48m 19s· 2 players
Game mode
Random Map
Map size
Tiny (2 player)
Population
200
Speed
Normal
Resources
Standard
Victory
Conquest
Starting age
Dark Age
Ending age
Imperial Age
RankedLock teamsTeams togetherTeam positionsShared explorationLock speedFull tech treeHidden civsTurbo modeCheats
Victory
Defeat
🇨🇱 Franks · Chile
289
+15
🇩🇰 Khmer · Denmark
273
-15
Rammer
0:37 Loom
11:30 Feudal Age
12:56 Wheelbarrow
12:04 Horse Collar
13:13 Double-Bit Axe
13:44 Town Watch
14:06 Gold Mining
16:15 Stone Mining
19:03 Arson
24:03 Castle Age
23:24 Forging
23:15 Scale Mail Armor
23:51 Padded Archer Armor
24:10 Fletching
24:52 Heavy Plow
25:50 Gold Shaft Mining
26:35 Elite Skirmisher
28:48 Bow Saw
28:16 Crossbowman
30:03 Stone Shaft Mining
31:56 Iron Casting
31:54 Pikeman
32:47 Murder Holes
34:38 Leather Archer Armor
36:35 Chain Mail Armor
36:26 Scale Barding Armor
36:16 Bodkin Arrow
39:10 Imperial Age
38:08 Ballistics
37:59 Heated Shot
41:17 Blast Furnace
39:56 Halberdier
41:15 Siphons
42:20 Ring Archer Armor
44:31 Chemistry
43:54 Chain Barding Armor
46:54 Tusk Swords
48:02 Double Crossbow
Katu
11:46 Feudal Age
13:11 Wheelbarrow
12:22 Loom
17:19 Double-Bit Axe
19:38 Forging
23:20 Castle Age
23:41 Gold Mining
23:42 Stone Mining
24:38 Hand Cart
30:06 Iron Casting
32:05 Loom
36:38 Gold Shaft Mining
36:18 Bow Saw
35:54 Treadmill Crane
41:51 Imperial Age
40:15 Town Watch
42:32 Arrowslits
43:47 Chemistry
46:25 Elite Throwing Axeman
48:36 Blast Furnace
47:39 Scale Mail Armor
Connection lost

Rejoining the realm…

Still unreachable

The connection could not be restored.

Session expired

The server has moved on; the page needs a fresh start.